 Dungeon Crawl Stone Soup version 0.17-a0-1464-g59a308b (webtiles) character file.

45 Malachi the Poker (level 3, -6/30 HPs)
             Began as a Merfolk Abyssal Knight on July 1, 2015.
             Was a Follower of Lugonu.
             Mangled by Sigmund
             ... wielding a cursed +0 scythe
              (7 damage)
             ... on level 2 of the Dungeon.
             The game lasted 00:02:14 (1593 turns).

Malachi the Poker (Merfolk Abyssal Knight)          Turns: 1593, Time: 00:02:14

Health: -6/30      AC:  3    Str: 10 (13) XL:     3   Next: 64%
Magic:  4/4        EV: 12    Int: 11      God:    Lugonu [*.....]
Gold:   70         SH:  0    Dex: 13      Spells: 0 memorised, 2 levels left

rFire  . . .     SeeInvis .     a - +1 spear
rCold  . . .     Clarity  .     b - +0 leather armour
rNeg   . . .     SustAt   .     (no shield)
rPois  .         Gourm    .     (no helmet)
rElec  .         Spirit   .     (no cloak)
rCorr  .         Warding  .     (no gloves)
rMut   .         Stasis   .     (no boots)
MR     .....                    (no amulet)
Stlth  +.........               (no ring)
                                (no ring)

@: lethally poisoned (-6 -> -18), not resistant to hostile enchantments, very
unstealthy
A: change form in water, swift swim
a: Depart the Abyss, Renounce Religion


You were on level 2 of the Dungeon.
You worshipped Lugonu.
Lugonu was aware of your devotion.
You were very hungry.

You visited 1 branch of the dungeon, and saw 2 of its levels.
You visited the Abyss 1 time.

You collected 70 gold pieces.

Inventory:

Hand weapons
 a - a +1 spear (weapon)
Armour
 b - a +0 leather armour (worn)
 k - a +0 ring mail
Jewellery
 l - an uncursed ring of protection from cold {unknown}
Scrolls
 e - 2 scrolls of fear {unknown}
 f - 3 scrolls of teleportation {unknown}
 g - 2 scrolls of identify {unknown}
Potions
 h - a potion of ambrosia {unknown}
 i - a potion of brilliance {unknown}
 n - a potion of cancellation {unknown}
 o - a potion of poison
Comestibles
 c - a bread ration
 j - a meat ration


   Skills:
 + Level 3.7 Fighting
 + Level 3.9 Polearms
 + Level 1.0 Armour
 + Level 3.3 Dodging
 + Level 0.5 Stealth
 + Level 2.3 Invocations


You had 2 spell levels left.
You didn't know any spells.

Dungeon Overview and Level Annotations

Branches:
Dungeon (2/15)

Altars:
Makhleb
Okawaru
Xom
Zin

Annotations:
D:2 Sigmund


Message History

You hit something. Something hits you!
You hit something. Something hits you.
* * * LOW HITPOINT WARNING * * *
You hit something but do no damage.
Use which ability? (? or * to list)
You can't do that.
Unknown command.
Drink which item? (? for menu, Esc to quit)
It was a potion of poison.
That liquid tasted very nasty...
You are lethally poisoned!
* * * LOW HITPOINT WARNING * * *
You feel sick. Something barely misses you.
Drink which item? (? for menu, Esc to quit)
It was a potion of degeneration.
There was something very wrong with that liquid.
You feel weakened.
* * * LOW HITPOINT WARNING * * *
You feel sick. Something hits you!
You die...

..######.####.#####.##
#.# ####...... ##.##
#.#####...
###.#.###_§§###..>
#..###.#8...'.....
#####
#.#.#.###_.≈###...
....## #.##.##
#.#####... ..(..#
#.##..(.####....#>
....##. #####
#@####### ######.
.#..... ......#{# #.
..#.... ........# #.
....... .......## ###
#. #...♣... ..###..
##.## #. ...♣.♣.. #..
##...###. ..♣.♣.♣ #..
#........ .♣.♣.♣. ...
##...###. ♣.♣._.♣ ###.
##......


There were no monsters in sight!

Vanquished Creatures
  2 adders (D:2)
  A worm (D:2)
  3 bats
  A giant cockroach (D:2)
  3 hobgoblins
  3 jackals (D:1)
  2 ball pythons (D:1)
  2 giant newts (D:1)
  2 goblins (D:1)
  9 kobolds
  A rat (D:2)
29 creatures vanquished.

Notes
Turn   | Place    | Note
--------------------------------------------------------------
     0 | Abyss:1  | Malachi the Merfolk Abyssal Knight began the quest for the Orb.
     0 | Abyss:1  | Reached XP level 1. HP: 18/18 MP: 2/2
    28 | Abyss:1  | Found a corrupted altar of Lugonu.
    46 | Abyss:1  | Found a corrupted altar of Lugonu.
   135 | Abyss:1  | Noticed a raiju
   142 | D:1      | Escaped the Abyss
   539 | D:1      | Acquired Lugonu's first power
   546 | D:1      | Reached XP level 2. HP: 22/24 MP: 3/3
  1150 | D:2      | Reached XP level 3. HP: 30/30 MP: 4/4
  1170 | D:2      | Found a burning altar of Makhleb.
  1170 | D:2      | Found a shimmering altar of Xom.
  1297 | D:2      | Found an iron altar of Okawaru.
  1410 | D:2      | Noticed an angel
  1411 | D:2      | Found a glowing silver altar of Zin.
  1453 | D:2      | Reached skill level 1 in Armour
  1577 | D:2      | Noticed Sigmund
  1593 | D:2      | HP: 1/30 [poison (a potion of poison)]
  1593 | D:2      | Mangled by Sigmund

Vault maps used:
D:1:      minmay_arrival_solitary_statue
D:2:      gammafunk_temple_overflow_statue, okawaru_trees_2,
          lemuel_coloured_pillars_altar, zin_angel, uniq_sigmund

Action                   || total
-------------------------++-------
Melee: Spear             ||   100
Invok: Depart the Abyss  ||     1
  Use: Potion            ||     2
 Stab: Sleeping          ||     3
  Eat: Chunk             ||     1
